 Dungeon Crawl Stone Soup version 0.31-a0-949-g57150269e1 (webtiles) character file.

Game seed: 12253965562608288948

169 CowFu the Changeling (level 5, 0/40 HPs)
             Began as a Draconian Shapeshifter on Oct 22, 2023.
             Slain by a black bear (1 damage)
             ... on level 4 of the Dungeon.
             The game lasted 00:03:11 (2063 turns).

CowFu the Changeling (Draconian Shapeshifter)       Turns: 2063, Time: 00:03:12

Health: 0/40       AC:  5    Str: 18    XL:     5   Next: 25%
Magic:  5/5        EV: 12    Int: 10    God:
Gold:   134        SH:  0    Dex: 11    Spells: 4/4 levels left

rFire   . .          .
                       - Unarmed
rCold   . . .        (no shield)
rNeg    . . .        (body armour unavailable)
rPois   .            (helmet currently unavailable)
rElec   .            (cloak currently unavailable)
rCorr   .            (gloves currently unavailable)
SInv    .            (boots currently unavailable)
Will    .....        (no amulet)
Stlth   +            l - ring of wizardry
HPRegen 0.26/turn    (no ring)
MPRegen 0.09/turn

%: wizardry (x1)
@: beast-form
A: beast (slay +3), AC +5, unfitting armour, cold-blooded
a: Begin Untransformation


You were on level 4 of the Dungeon.
You were a hulking beast.
You visited 1 branch of the dungeon, and saw 4 of its levels.

You collected 134 gold pieces.

Inventory:

Armour
 q - a +0 cloak
Jewellery
 l - a ring of wizardry (left hand)
Talismans
 b - a beast talisman (active)
 c - a flux talisman
Wands
 p - a wand of mindburst (15)
Scrolls
 d - a scroll of enchant weapon
 e - a scroll of poison
 f - 4 scrolls of identify
 m - a scroll of enchant armour {unknown}
 n - a scroll of teleportation {unknown}
Potions
 a - a potion of lignification
 h - a potion of degeneration
 j - a potion of brilliance
 k - a potion of mutation
 o - a potion of attraction


   Skills:
 - Level 1.1 Fighting
 - Level 1.7 Dodging
 - Level 3.0 Unarmed Combat
 + Level 5.6 Shapeshifting


You had 4 spell levels left.
You didn't know any spells.
Your spell library contained the following spells:

 Spells                   Type           Power      Damage    Failure   Level
 Apportation              Tloc           0%         N/A       16%         1
 Cigotuvi's Dreadful Rot  Necr/Pois/Air  0%         N/A       22%         2
 Jinxbite                 Hex            0%         N/A       22%         2
 Ignite Poison            Fire/Tmut/Pois 0%         N/A       41%         3
 Stone Arrow              Conj/Erth      0%         3d7       41%         3
 Alistair's Intoxication  Tmut/Pois      0%         N/A       98%         5
 Borgnjor's Vile Clutch   Necr/Erth      0%         N/A       98%         5
 Freezing Cloud           Conj/Ice/Air   0%         6-21      98%         5
 Eringya's Noxious Bog    Tmut/Pois      0%         4d6       100%        6
 Lehudib's Crystal Spear  Conj/Erth      0%         10d2      100%        8
 Animate Armour           Summ/Erth      Unusable   N/A       N/A         4

Dungeon Overview and Level Annotations

Branches:
Dungeon (4/15)
 Temple: D:4-7

Altars:
Vehumet

Annotations:
D:4 Edmund


Innate Abilities, Weirdness & Mutations

You are a hulking beast.
Your limbs bulge with bestial killing power. (Slay +3)
Your plain brown scales are hard. (AC +5)
You cannot fit into any form of body armour.
You are cold-blooded and may be slowed by cold attacks.


Message History

The black bear is heavily wounded.
The black bear bites you but does no damage.
The black bear closely misses you. The black bear barely misses you.
The orc hits you from afar with a +1 heavy trident!
You hit the black bear but do no damage.
You tail-slap the black bear.
The black bear is heavily wounded.
The black bear closely misses you. The black bear claws you.
* * * LOW HITPOINT WARNING * * *
The black bear barely misses you.
You closely miss the black bear. You tail-slap the black bear.
The black bear is heavily wounded.
The orc hits you from afar with a +1 heavy trident.
* * * LOW HITPOINT WARNING * * *
The black bear bites you.
* * * LOW HITPOINT WARNING * * *
The black bear claws you but does no damage.
The black bear misses you.
The black bear attacks as it pursues you!
The black bear closely misses you.
The black bear claws you but does no damage.
The black bear closely misses you.
As you read the scroll labelled JYLIEGR JEMPO, it crumbles to dust.
It is a scroll of enchant weapon.
You aren't carrying any weapons that can be enchanted.
The orc closely misses you.
Okay, then.
Okay, then.
As you read the scroll labelled VEAGIX EDUET, it crumbles to dust.
You feel aware of your surroundings.
It was a scroll of revelation.
An adder comes into view.
The black bear bites you.
* * * LOW HITPOINT WARNING * * *
The black bear claws you.
* * * LOW HITPOINT WARNING * * *
The black bear barely misses you.
As you read the scroll labelled MOOZOA GAITIORCH, it crumbles to dust.
It is a scroll of amnesia.
You feel forgetful for a moment. The black bear bites you.
You die...

#.#.# *,* ####.#.######.#*
####.#.........* ####
####.#.#######.* ...##
####.#.#######.* ##..#
####.#.#######.#**
,#..#########.#.##......,,*
,#............#.##..#.#.#,***
,#.#########....hho......,,,*
.#.# ##.....##..#...#**,*
.#.# ###........#...# *,*
.#.## ####.####.##...***,*
.#..# ####.####.##...,,,,*
##..# ####.####..S.#.*****
....# ####+#########.**###
#...# ###...####.....,<..# #
.#.## **,,,,,***,**#.**#.# ##


You could see a black bear and an orc.

Vanquished Creatures
  A hound (D:3)
  Robin (D:3)
  5 adders
  A shadow imp (D:3)
  A worm (D:2)
  A dart slug (D:2)
  3 orcs (D:4)
  6 ball pythons
  5 bats
  3 endoplasms
  3 giant cockroaches
  7 hobgoblins
  3 jackals (D:3)
  6 kobolds
  4 quokkas
  3 frilled lizards
  10 goblins
  4 rats
67 creatures vanquished.

Notes
Turn   | Place    | Note
-------+----------+-------------------------------------------
     0 | D:1      | CowFu the Draconian Shapeshifter began the quest for the
                  | Orb.
     0 | D:1      | Reached XP level 1. HP: 16/16 MP: 1/1
   159 | D:1      | Reached XP level 2. HP: 23/23 MP: 2/2
   498 | D:2      | Reached skill level 4 in Shapeshifting
   622 | D:2      | Reached XP level 3. HP: 28/28 MP: 3/3
   841 | D:2      | Reached XP level 4. HP: 35/35 MP: 4/4
  1245 | D:3      | Noticed Robin
  1275 | D:3      | Killed Robin
  1276 | D:3      | Reached skill level 5 in Shapeshifting
  1659 | D:3      | Reached XP level 5. HP: 33/40 MP: 5/5
  1875 | D:4      | Noticed Edmund
  2010 | D:4      | Found a radiant altar of Vehumet.
  2050 | D:4      | Noticed a black bear
  2062 | D:4      | HP: 1/40 [black bear (2)]
  2063 | D:4      | Slain by a black bear

Illustrated notes

Levels and vault maps discovered:
D:1:      mushboom_english_gardens, layout_rooms
D:2:      layout_loops_ring, serial_bayou_pond_a
D:3:      layout_basic, uniq_robin
D:4:      layout_loops_corners, vehumet_statue, dk_noncrumbling_3, uniq_edmund

Skill      XL: |  1  2  3  4 |
---------------+-------------+-----
Shapeshifting  | 4 5 |  5.6
Fighting       | |  1.1
Dodging        | |  1.7
Unarmed Combat | |  3.0

Action                     |  1- 3 |  4- 6 || total
---------------------------+-------+-------++-------
  Melee: Unarmed           |    84 |   106 ||   190
         Tailslap          |     9 |    11 ||    20
         Punch             |     3 |     1 ||     4
    Use: Scroll            |       |     8 ||     8
   Stab: Sleeping          |     1 |     1 ||     2
 Armour: Skin              |    28 |    67 ||    95
  Dodge: Dodged            |    51 |    69 ||   120

Table legend: (Time is in decaauts)
 A = Elapsed time spent in this place.
 B = Non-inter-level travel time spent in this place.
 C = Inter-level travel time spent in this place.
 D = Time resting spent in this place.
 E = Time spent auto-exploring this place.
 F = Levels seen in this place.
 G = Mean time per level.
                   A        B        C        D        E       F      G
               +--------+--------+--------+--------+--------+-----+--------+
         Total |   2051 |   1963 |     88 |      0 |   1467 |   4 |  512.8 |
       Dungeon |   2051 |   1963 |     88 |      0 |   1467 |   4 |  512.8 |
               +--------+--------+--------+--------+--------+-----+--------+

Top non-repeatable levels by time:
     D:3: 708 daAuts
     D:2: 692 daAuts
     D:1: 484 daAuts
     D:4: 166 daAuts
